 Dungeon Crawl Stone Soup version 0.17.1-1-g73c8601 (webtiles) character file.

60874 shmeve the Cleaver (level 14, -7/133 HPs)
             Began as a Minotaur Fighter on Apr 20, 2016.
             Was the Champion of Trog.
             Mangled by a red devil
             ... wielding a +0 trident
              (10 damage)
             ... on level 8 of the Lair of Beasts.
             The game lasted 00:42:43 (16117 turns).

shmeve the Cleaver (Minotaur Fighter)              Turns: 16117, Time: 00:42:43

Health: -7/133     AC: 14    Str: 28    XL:     14   Next: 58%
Magic:  13/13      EV: 17    Int:  2    God:    Trog [******]
Gold:   978        SH: 14    Dex: 11    Spells: 0 memorised, 13 levels left

rFire  . . .     SeeInvis +     a - +0 war axe (vamp)
rCold  + . .     Clarity  +     O - +1 ring mail "Saliukavua" {Int-3 Slay+6}
rNeg   . . .     SustAt   .     c - +0 shield
rPois  .         Gourm    .     R - +1 hat {SInv}
rElec  .         Spirit   .     G - +2 cloak {+Inv}
rCorr  .         Warding  .     f - +0 pair of gloves of Vaeppi {Str+3}
rMut   .         Stasis   .     (no boots)
MR     +....                    L - amulet of clarity
Stlth  +.........               q - ring of protection from cold
                                J - +2 ring of evasion

@: lethally poisoned (-7 -> -29), exhausted, slowed, very slow, somewhat
resistant to hostile enchantments, very unstealthy
A: retaliatory headbutt, horns 2
a: Berserk, Trog's Hand, Brothers in Arms, Burn Spellbooks, Renounce Religion,
Evoke Invisibility


You were on level 8 of the Lair of Beasts.
You worshipped Trog.
Trog was exalted by your worship.
You were very hungry.

You visited 3 branches of the dungeon, and saw 19 of its levels.
You also visited: Bailey.

You collected 1272 gold pieces.
You spent 294 gold pieces at shops.

Inventory:

Hand Weapons
 a - a +0 vampiric war axe (weapon)
 p - a +4 war axe of chopping
 y - a +1 antimagic broad axe
Missiles
 s - 4 javelins
 P - a javelin of returning (quivered)
 U - 5 javelins of penetration
Armour
 c - a +0 shield (worn)
 f - the +0 pair of gloves of Vaeppi (worn) {Str+3}
   (You bought it in a shop on level 5 of the Dungeon)

   It affects your strength (+3).
 G - a +2 cloak of invisibility (worn)
 O - the +1 ring mail "Saliukavua" (worn) {Int-3 Slay+6}
   (You found it on level 1 of the Lair of Beasts)

   It affects your intelligence (-3).
   It affects your accuracy and damage with ranged weapons and melee attacks
   (+6).
 R - a +1 hat of see invisible (worn)
Jewellery
 q - a ring of protection from cold (right hand)
 C - an uncursed amulet of the gourmand
 J - a +2 ring of evasion (left hand)
 L - an amulet of clarity (around neck)
Wands
 I - a wand of digging (11)
 W - a wand of polymorph (13)
Scrolls
 h - 4 scrolls of recharging {unknown}
 l - 10 scrolls of identify
 m - a scroll of summoning {unknown}
 o - 15 scrolls of remove curse
 u - 3 scrolls of blinking
 w - 3 scrolls of teleportation
 x - 2 scrolls of fog
 K - 4 scrolls of magic mapping
 N - 2 scrolls of enchant armour
 Q - a scroll of fear
Potions
 b - a potion of berserk rage {unknown}
 d - 6 potions of might
 g - 5 potions of curing
 j - a potion of lignification {unknown}
 k - 3 potions of heal wounds
 n - 4 potions of agility
 r - 4 potions of magic
 t - 2 potions of brilliance {unknown}
 z - 4 potions of flight
 A - a potion of resistance {unknown}
 B - a potion of cancellation {unknown}
 D - 5 potions of cure mutation {unknown}
 E - 2 potions of invisibility {unknown}
 F - 3 potions of degeneration {unknown}
 H - a potion of beneficial mutation {unknown}
 S - a potion of haste {unknown}
Comestibles
 e - 13 bread rations
 i - 8 slices of pizza
 v - 3 beef jerkies
 M - 7 meat rations
 T - 2 royal jellies


   Skills:
 * Level 14.5 Fighting
 * Level 14.7 Axes
 + Level 9.1 Throwing
 + Level 11.0 Armour
 + Level 9.7 Dodging
 * Level 14.2 Shields


You had 13 spell levels left.
You didn't know any spells.

Dungeon Overview and Level Annotations

Branches:
Dungeon (10/15)            Temple (1/1) D:5            Lair (8/8) D:10
 Shoals (0/4) Lair:5        Snake (0/4) Lair:6        Slime (0/6) Lair:6
    Orc: D:9-12

Altars:
Ashenzari
Cheibriados
Dithmenos
Elyvilon
Fedhas
Gozag
Kikubaaqudgha
Makhleb
Nemelex Xobeh
Okawaru
Qazlal
Ru
Sif Muna
Trog
Vehumet
Xom
Yredelemnul
Zin
The Shining One
Jiyva

Shops:
D:5 [   D:6 %%   D:10 *:

Portals:
Hell: Lair:8

Annotations:
Lair:6 1 runed door


Innate Abilities, Weirdness & Mutations

You reflexively headbutt those who attack you in melee.
You have a pair of horns on your head.


Message History

You feel sick.
The red devil hops backward while attacking.
You block the red devil's attack. x2
The red devil hits you but does no damage.
You are lethally poisoned!
* * * LOW HITPOINT WARNING * * *
You feel very sick.
The red devil hops backward while attacking.
The red devil hits you from afar with a trident.
* * * LOW HITPOINT WARNING * * *
You block the red devil's attack.
* * * LOW HITPOINT WARNING * * *
You feel very sick.
The red devil hops backward while attacking.
You block the red devil's attack. x2
The red devil hops backward while attacking.
The red devil hits you but does no damage.
You are more poisoned.
The red devil hits you with a trident!
You die...

############ §≈≈§≈≈≈≈≈≈
≈§≈≈§≈≈§≈§############
§≈§§§≈≈§.....#........
≈≈≈§§4...4)..#..8.8...
§≈∩..4.4_..†.'...8.8..
≈§§...@.....#..8.8...
§§§§...)....#)..8.8..
##############..8.8...
.............'...8.8..
....8....8†..#........
.............#########+♣
#####''###### ♣♣♣.
♣.....♣ ♣♣♣††. ♣...♣♣♣
♣♣♣....♣


You could see 4 red devils.

Vanquished Creatures
  Gastronok (Lair:3)
  An orc warlord (Bailey)
  The ghost of shmeve the Blocker, a journeyman MiFi of Trog (Lair:8)
  Nessos (Lair:5)
  A dire elephant (Lair:8)
  The ghost of Hyperalat the Grappler, a journeyman DrTm of Okawaru (Lair:4)
  Josephine (Lair:5)
  Fannar (Lair:3)
  4 hydras
  The ghost of kkf5m the Blocker, a novice MiFi of Okawaru (Lair:1)
  3 death yaks (Lair:6)
  The ghost of pajamas the Covert, a journeyman OpCj of Xom (Lair:1)
  A deep troll earth mage (D:9)
  A sun demon (Lair:8)
  2 unseen horrors
  A hill giant (D:10)
  A wizard (Lair:8)
  2 griffons
  2 manticores
  A smoke demon (Lair:8)
  11 elephants
  Psyche (D:10)
  A torpor snail (Lair:6)
  10 black mambas
  13 spiny frogs
  An orange demon (Lair:8)
  2 blue devils (Lair:8)
  5 fire drakes
  12 komodo dragons
  A troll (D:9)
  A hellwing (Lair:8)
  A queen bee (Lair:6)
  2 polar bears
  21 blink frogs
  2 red devils (Lair:8)
  2 spriggans
  Sigmund (D:3)
  5 wraiths (Lair:5)
  41 yaks
  9 hippogriffs
  2 hungry ghosts
  3 basilisks
  7 porcupines
  2 ice beasts (D:8)
  A hell hound (Lair:8)
  4 black bears
  A wasp (D:8)
  A necrophage (D:10)
  6 orc warriors
  3 phantoms
  5 centaurs
  19 water moccasins
  4 ogres
  13 crocodiles
  4 big kobolds
  Blork the orc (D:5)
  23 giant frogs
  A water moccasin skeleton (D:7)
  3 scorpions
  19 killer bees
  2 crimson imps
  5 hounds
  2 giant frog zombies
  5 orc priests
  A wyvern simulacrum (D:8)
  6 jellies
  8 worker ants
  A giant frog skeleton (D:4)
  4 centaur skeletons
  8 orc wizards
  Terence (D:3)
  9 iguanas
  14 sheep
  2 hound skeletons
  A killer bee simulacrum (D:8)
  11 adders
  78 river rats
  9 gnolls
  6 oozes
  3 shadow imps
  An ufetubus (D:8)
  2 adder skeletons
  An adder zombie (D:5)
  3 worms
  36 orcs
  6 giant cockroaches
  17 goblins
  11 hobgoblins
  10 jackals
  2 ball pythons
  A ball python skeleton (D:4)
  7 bats
  5 giant geckos
  A giant gecko zombie (D:7)
  8 giant newts
  42 kobolds
  6 quokkas
  15 rats
  5 fungi
  2 plants
649 creatures vanquished.

Vanquished Creatures (others)
  A worker ant (D:8)
  10 fungi
  A plant (Lair:8)
12 creatures vanquished.

Grand Total: 661 creatures vanquished

Notes
Turn   | Place    | Note
--------------------------------------------------------------
     0 | D:1      | shmeve the Minotaur Fighter began the quest for the Orb.
     0 | D:1      | Reached XP level 1. HP: 19/19 MP: 0/0
    41 | D:1      | Reached XP level 2. HP: 21/27 MP: 1/1
    93 | D:1      | Reached skill level 1 in Dodging
   213 | D:1      | Reached skill level 4 in Fighting
   630 | D:2      | Reached XP level 3. HP: 33/33 MP: 2/2
   864 | D:2      | Reached XP level 4. HP: 29/40 MP: 3/3
  1017 | D:2      | Reached skill level 1 in Throwing
  1602 | D:3      | Noticed Sigmund
  1610 | D:3      | Killed Sigmund
  1610 | D:3      | Reached XP level 5. HP: 12/47 MP: 4/4
  1848 | D:3      | Reached skill level 5 in Fighting
  1994 | D:3      | Reached XP level 6. HP: 45/56 MP: 5/5
  2361 | D:3      | Noticed Terence
  2373 | D:3      | Killed Terence
  3024 | D:4      | Reached skill level 5 in Shields
  3301 | D:5      | Entered Level 5 of the Dungeon
  3305 | D:5      | Noticed Blork the orc
  3322 | D:5      | Killed Blork the orc
  3508 | D:5      | Found Zoiqio Huxt's Antique Armour Shoppe.
  3604 | D:5      | Reached XP level 7. HP: 60/62 MP: 6/6
  3800 | D:5      | Reached skill level 5 in Axes
  3817 | D:5      | Found a staircase to the Ecumenical Temple.
  4053 | D:5      | Found a burning altar of Makhleb.
  4053 | D:5      | Noticed a green death
  4056 | D:5      | Noticed a ynoxinul
  4056 | D:5      | Noticed a ynoxinul
  4268 | Temple   | Entered the Ecumenical Temple
  4353 | D:6      | Found Ilu Xur's Food Emporium.
  4368 | D:6      | Reached skill level 6 in Fighting
  4430 | D:6      | Reached skill level 5 in Armour
  4450 | D:6      | Found Tulou's Food Boutique.
  4479 | D:6      | Reached XP level 8. HP: 57/71 MP: 7/7
  4702 | D:6      | Reached skill level 7 in Fighting
  4826 | Temple   | Became a worshipper of Trog the Wrathful
  4898 | D:5      | Bought a pair of brightly glowing gloves for 294 gold pieces
  4903 | D:5      | Identified the cursed +0 pair of gloves of Vaeppi {Str+3} (You bought it in a shop on level 5 of the Dungeon)
  4976 | D:7      | Found a flagged portal.
  5013 | Bailey   | Entered a bailey
  5018 | Bailey   | Noticed an orc warlord
  5115 | Bailey   | Reached * piety under Trog
  5168 | Bailey   | Found a runed gate.
  5169 | Bailey   | Found a runed gate.
  5170 | Bailey   | Found a runed gate.
  5331 | Bailey   | Killed an orc warlord
  5331 | Bailey   | Reached skill level 8 in Fighting
  5331 | Bailey   | Reached XP level 9. HP: 82/82 MP: 8/8
  5369 | Bailey   | Got a polished chain mail
  5380 | Bailey   | Identified the +0 chain mail "Pishaif" {rC+ Str+4 Dex+5 Slay-4} (You found it in a bailey)
  5500 | D:7      | Reached skill level 5 in Dodging
  5546 | D:7      | Reached ** piety under Trog
  5572 | D:7      | Found a shattered altar of Ashenzari.
  6347 | D:8      | Reached skill level 9 in Fighting
  6464 | D:8      | Reached XP level 10. HP: 91/91 MP: 9/9
  6776 | D:8      | Reached *** piety under Trog
  6787 | D:8      | Reached skill level 5 in Throwing
  6814 | D:8      | Noticed an unseen horror
  6822 | D:8      | Killed an unseen horror
  7298 | D:9      | Reached skill level 10 in Fighting
  7369 | D:9      | Noticed a griffon
  7374 | D:9      | Noticed a deep troll earth mage
  7388 | D:9      | Killed a deep troll earth mage
  7388 | D:9      | Reached XP level 11. HP: 52/100 MP: 10/10
  7389 | D:9      | Killed a griffon
  7389 | D:9      | Reached skill level 10 in Axes
  7389 | D:9      | Reached skill level 10 in Shields
  7426 | D:9      | Found an ancient bone altar of Kikubaaqudgha.
  7426 | D:9      | Noticed an unseen horror
  7427 | D:9      | Found an ancient bone altar of Kikubaaqudgha.
  7428 | D:9      | Noticed a manticore
  7464 | D:9      | Killed an unseen horror
  7464 | D:9      | Reached **** piety under Trog
  7468 | D:9      | Killed a manticore
  7535 | D:9      | Received a gift from Trog
  7890 | D:10     | Entered Level 10 of the Dungeon
  8090 | D:10     | Noticed Psyche
  8097 | D:10     | Paralysed by Psyche for 7 turns
  8105 | D:10     | Killed Psyche
  8122 | D:10     | Found Byzo's Elemental Accessories.
  8329 | D:10     | Found Syin's Book Emporium.
  8345 | D:10     | Found a staircase to the Lair.
  8390 | D:10     | Noticed a hill giant
  8408 | D:10     | Killed a hill giant
  8408 | D:10     | Reached skill level 11 in Fighting
  8546 | Lair:1   | Entered Level 1 of the Lair of Beasts
  8552 | Lair:1   | Got a faintly glowing ring mail
  8553 | Lair:1   | Identified the +1 ring mail "Saliukavua" {Int-3 Slay+6} (You found it on level 1 of the Lair of Beasts)
  8578 | Lair:1   | Received a gift from Trog
  8782 | Lair:1   | Noticed kkf5m's ghost (novice MiFi)
  8790 | Lair:1   | Killed kkf5m's ghost
  8873 | Lair:1   | Noticed pajamas's ghost (journeyman OpCj)
  8900 | Lair:1   | Killed pajamas's ghost
  9326 | Lair:1   | Reached XP level 12. HP: 89/110 MP: 11/11
  9610 | Lair:1   | Received a gift from Trog
  9924 | Lair:2   | Received a gift from Trog
  9935 | Lair:2   | Found a deep blue altar of Sif Muna.
 10635 | Lair:3   | Noticed Fannar
 10649 | Lair:3   | Killed Fannar
 10666 | Lair:3   | Noticed an eight-headed hydra
 10670 | Lair:3   | Killed an eight-headed hydra
 10892 | Lair:3   | Noticed Gastronok
 10895 | Lair:3   | Reached skill level 12 in Fighting
 10905 | Lair:3   | Killed Gastronok
 11084 | Lair:4   | Reached ***** piety under Trog
 11095 | Lair:4   | Noticed Hyperalat's ghost (journeyman DrTm)
 11116 | Lair:4   | Killed Hyperalat's ghost
 11486 | Lair:4   | Received a gift from Trog
 12107 | Lair:5   | Noticed Nessos
 12113 | Lair:5   | Killed Nessos
 12172 | Lair:5   | Noticed Josephine
 12180 | Lair:5   | Killed Josephine
 12181 | Lair:5   | Reached XP level 13. HP: 105/119 MP: 12/12
 12550 | Lair:5   | Found a staircase to the Shoals.
 12554 | Lair:5   | Reached skill level 13 in Axes
 12783 | Lair:5   | Received a gift from Trog
 12942 | Lair:6   | Reached skill level 10 in Armour
 13043 | Lair:6   | Found a staircase to the Snake Pit.
 13392 | Lair:6   | Found a runed door.
 13397 | Lair:6   | Found a viscous altar of Jiyva.
 13403 | Lair:6   | Noticed an azure jelly
 13406 | Lair:6   | Found a staircase to the Slime Pits.
 13406 | Lair:6   | Noticed an azure jelly
 13860 | Lair:7   | Received a gift from Trog
 14340 | Lair:7   | Reached XP level 14. HP: 130/130 MP: 13/13
 14521 | Lair:7   | Reached skill level 14 in Axes
 14902 | Lair:8   | Entered Level 8 of the Lair of Beasts
 14919 | Lair:8   | Received a gift from Trog
 15012 | Lair:8   | Noticed shmeve's ghost (journeyman MiFi)
 15040 | Lair:8   | Killed shmeve's ghost
 16088 | Lair:8   | Reached ****** piety under Trog
 16093 | Lair:8   | Found a burning altar of Makhleb.
 16111 | Lair:8   | Found a gateway to Hell.
 16116 | Lair:8   | HP: 6/133 [red devil/trident (3)]
 16117 | Lair:8   | Mangled by a red devil

Action                   |  1- 3 |  4- 6 |  7- 9 | 10-12 | 13-15 || total
-------------------------+-------+-------+-------+-------+-------++-------
Melee: War axe           |    74 |   170 |   279 |   565 |   505 ||  1593
       Unarmed           |       |       |       |     3 |       ||     3
Throw: Tomahawk          |     4 |       |    18 |    45 |       ||    67
       Javelin           |       |     1 |       |    68 |    37 ||   106
Invok: Berserk           |       |       |     1 |     2 |     4 ||     7
       Burn Spellbooks   |       |       |       |     4 |     1 ||     5
       Trog's Hand       |       |       |       |     2 |       ||     2
  Use: Scroll            |       |       |    17 |     3 |     2 ||    22
  Eat: Chunk             |       |     9 |    19 |    13 |    37 ||    78
       Fruit             |       |       |     3 |       |       ||     3
       Beef jerky        |       |       |       |     1 |     1 ||     2
       Pizza             |       |       |       |       |     1 ||     1
